| TOP OF THE 1ST |
|
Detroit Tigers batting - Pitching for Kansas City Royals : RHP Jimmy Silveira IV
|
|
Pitching: RHP Jimmy Silveira IV
|
|
|
Batting: RHB Rich Stinson
|
0-0: Called Strike 0-1: Called Strike 0-2: Strikes out looking
|
|
Batting: LHB Morgan Black
|
0-0: Bunted foul 0-1: Ball 1-1: Foul Ball, location: 2F 1-2: Strikes out swinging
|
|
Batting: LHB Frank McConnell
|
0-0: Ball 1-0: Foul Ball, location: 2F 1-1: DOUBLE (Flyball, 7LD, EV 105.0 MPH)
|
|
Batting: RHB Victor Quinones
|
0-0: Ball 1-0: Foul Ball, location: 2F 1-1: Ball 2-1: Foul Ball, location: 2F 2-2: Fly out, F9 (Line Drive, 89M, EV 96.9 MPH)
|
| Top of the 1st over - 0 runs, 1 hit, 0 errors, 1 left on base; Detroit 0 - Kansas City 0 |
| BOTTOM OF THE 1ST |
|
Kansas City Royals batting - Pitching for Detroit Tigers : RHP Chris McCurdy
|
|
Pitching: RHP Chris McCurdy
|
|
|
Batting: SHB Jose Pacheco
|
0-0: Ball 1-0: SINGLE (Line Drive, 56, EV 103.1 MPH)
|
|
Batting: RHB Matt Belgard
|
0-0: Ball 1-0: Bunt missed! 1-1: Bunt - Flyout to 13S! F1
|
|
Batting: LHB Mike Meyerhoff
|
0-0: Called Strike 0-1: Swinging Strike 0-2: Hit by Pitch Jose Pacheco to second
|
|
Batting: RHB Mike Jaquez
|
0-0: Ball Wild Pitch! Jose Pacheco to third Mike Meyerhoff to second 1-0: Called Strike 1-1: Ground out 6-3 (Groundball, 6MS, EV 65.6 MPH) Jose Pacheco scores Mike Meyerhoff to third
|
|
Batting: LHB Roman Downey
|
0-0: Ball 1-0: 2-RUN HOME RUN (Flyball, 78XD, EV 106.9 MPH), Distance : 406 ft
|
|
Batting: SHB Gil Switzer
|
0-0: Called Strike 0-1: Swinging Strike 0-2: Strikes out swinging
|
| Bottom of the 1st over - 3 runs, 2 hits, 0 errors, 0 left on base; Detroit 0 - Kansas City 3 |
| TOP OF THE 2ND |
|
Detroit Tigers batting - Pitching for Kansas City Royals : RHP Jimmy Silveira IV
|
|
Batting: RHB Chris Wheatley
|
0-0: Ball 1-0: Called Strike 1-1: Ball 2-1: Ball 3-1: Base on Balls
|
|
Batting: LHB Tyler Davis
|
0-0: Ball 1-0: Ball 2-0: Called Strike 2-1: Ball 3-1: Called Strike 3-2: Foul Ball, location: 2F 3-2: Foul Ball, location: 2F 3-2: Foul Ball, location: 2F 3-2: Base on Balls Chris Wheatley to second
|
|
Batting: RHB Adrian Novakovic
|
0-0: Called Strike 0-1: Fly out, F5 (Line Drive, 5L, EV 65.6 MPH)
|
|
Batting: RHB Brady Jeleniewski
|
0-0: Foul Ball, location: 2F 0-1: Foul Ball, location: 2F 0-2: Strikes out swinging
|
|
Batting: RHB Jerry Jauregui
|
0-0: Ground out 6-3 (Groundball, P, EV 86.2 MPH)
|
| Top of the 2nd over - 0 runs, 0 hits, 0 errors, 2 left on base; Detroit 0 - Kansas City 3 |
| BOTTOM OF THE 2ND |
|
Kansas City Royals batting - Pitching for Detroit Tigers : RHP Chris McCurdy
|
|
Batting: LHB Pete Hansel
|
0-0: Called Strike 0-1: Ball 1-1: Ground out 6-3 (Groundball, 6, EV 79.4 MPH)
|
|
Batting: RHB Mikolas Markus
|
0-0: Foul Ball, location: 2F 0-1: Ball 1-1: Fly out, F8 (Flyball, 8RM, EV 91.2 MPH)
|
|
Batting: LHB Manny Estrada
|
0-0: Called Strike 0-1: Ball 1-1: SINGLE (Line Drive, 4D, EV 94.4 MPH)
|
|
Batting: SHB Jose Pacheco
|
0-0: Foul Ball, location: 2F 0-1: Swinging Strike 0-2: Strikes out swinging
|
| Bottom of the 2nd over - 0 runs, 1 hit, 0 errors, 1 left on base; Detroit 0 - Kansas City 3 |
| TOP OF THE 3RD |
|
Detroit Tigers batting - Pitching for Kansas City Royals : RHP Jimmy Silveira IV
|
|
Batting: RHB Rich Stinson
|
0-0: Ball 1-0: Foul Ball, location: 2F 1-1: Foul Ball, location: 2F 1-2: Ball 2-2: Foul Ball, location: 2F 2-2: Strikes out looking
|
|
Batting: LHB Morgan Black
|
0-0: Called Strike 0-1: DOUBLE (Flyball, 78XD, EV 111.2 MPH)
|
|
Batting: LHB Frank McConnell
|
0-0: Called Strike 0-1: Swinging Strike 0-2: Foul Ball, location: 2F 0-2: Ball 1-2: Strikes out looking
|
|
Batting: RHB Victor Quinones
|
0-0: Ball 1-0: SINGLE (Groundball, 4MD, EV 98.8 MPH) Morgan Black to third Runner from 3rd tries for Home, SAFE, throw by CF to home Victor Quinones to second
|
|
Batting: RHB Chris Wheatley
|
0-0: Ball 1-0: Fly out, F9 (Flyball, 89M, EV 95.6 MPH)
|
| Top of the 3rd over - 1 run, 2 hits, 0 errors, 1 left on base; Detroit 1 - Kansas City 3 |
| BOTTOM OF THE 3RD |
|
Kansas City Royals batting - Pitching for Detroit Tigers : RHP Chris McCurdy
|
|
Batting: RHB Matt Belgard
|
0-0: Foul Ball, location: 2F 0-1: Ball 1-1: Fly out, F7 (Line Drive, 7, EV 95.0 MPH)
|
|
Batting: LHB Mike Meyerhoff
|
0-0: Ground out 4-3 (Groundball, 4M, EV 111.9 MPH)
|
|
Batting: RHB Mike Jaquez
|
0-0: Called Strike 0-1: SINGLE (Flyball, 8RS, EV 83.8 MPH)
|
|
Batting: LHB Roman Downey
|
0-0: Ball 1-0: Foul Ball, location: 2F 1-1: Ball Mike Jaquez is caught stealing 2nd base 2-6
|
| Bottom of the 3rd over - 0 runs, 1 hit, 0 errors, 0 left on base; Detroit 1 - Kansas City 3 |
| TOP OF THE 4TH |
|
Detroit Tigers batting - Pitching for Kansas City Royals : RHP Jimmy Silveira IV
|
|
Batting: LHB Tyler Davis
|
0-0: Ground out 5-3 (Groundball, 6, EV 84.4 MPH)
|
|
Batting: RHB Adrian Novakovic
|
0-0: Called Strike 0-1: Ball 1-1: Foul Ball, location: 2F 1-2: Ball 2-2: Ball 3-2: Foul Ball, location: 2F 3-2: Strikes out swinging, 2-3 out at first.
|
|
Batting: RHB Brady Jeleniewski
|
0-0: Foul Ball, location: 2F 0-1: Called Strike 0-2: Ball 1-2: Foul Ball, location: 2F 1-2: Foul Ball, location: 2F 1-2: Ball 2-2: DOUBLE (Groundball, 5L, EV 99.4 MPH)
|
|
Batting: RHB Jerry Jauregui
|
0-0: Foul Ball, location: 2F 0-1: Ball 1-1: Called Strike 1-2: Strikes out swinging
|
| Top of the 4th over - 0 runs, 1 hit, 0 errors, 1 left on base; Detroit 1 - Kansas City 3 |
| BOTTOM OF THE 4TH |
|
Kansas City Royals batting - Pitching for Detroit Tigers : RHP Chris McCurdy
|
|
Batting: LHB Roman Downey
|
0-0: Ball 1-0: Foul Ball, location: 2F 1-1: SINGLE (Groundball, 4D, EV 95.6 MPH)
|
|
Batting: SHB Gil Switzer
|
0-0: Ball 1-0: Grounds into double play, 5-4-3 (Groundball, 56, EV 89.4 MPH)
|
|
Batting: LHB Pete Hansel
|
0-0: SINGLE (Line Drive, 7S, EV 107.5 MPH)
|
|
Batting: RHB Mikolas Markus
|
0-0: Foul Ball, location: 2F 0-1: Foul Ball, location: 2F 0-2: Ball 1-2: Ball Pete Hansel steals 2nd, throwing error, E2 Pete Hansel to third 2-2: Foul Ball, location: 2F 2-2: Strikes out looking
|
| Bottom of the 4th over - 0 runs, 2 hits, 1 error, 1 left on base; Detroit 1 - Kansas City 3 |
| TOP OF THE 5TH |
|
Detroit Tigers batting - Pitching for Kansas City Royals : RHP Jimmy Silveira IV
|
|
Batting: RHB Rich Stinson
|
0-0: DOUBLE (Line Drive, 78D, EV 111.2 MPH)
|
|
Batting: LHB Morgan Black
|
0-0: Ball 1-0: Ball 2-0: Sac Bunt to 13 - play at first, batter OUT! 1-4 Rich Stinson to third
|
|
Batting: LHB Frank McConnell
|
0-0: Called Strike 0-1: Fly out, F9 (Line Drive, 9S, EV 93.8 MPH)
|
|
Batting: RHB Victor Quinones
|
0-0: Fly out, F8 (Flyball, 8LD, EV 99.4 MPH)
|
| Top of the 5th over - 0 runs, 1 hit, 0 errors, 1 left on base; Detroit 1 - Kansas City 3 |
| BOTTOM OF THE 5TH |
|
Kansas City Royals batting - Pitching for Detroit Tigers : RHP Chris McCurdy
|
|
Batting: LHB Manny Estrada
|
0-0: Called Strike 0-1: Called Strike 0-2: Fly out, F8 (Line Drive, 78M, EV 95.6 MPH)
|
|
Batting: SHB Jose Pacheco
|
0-0: Fly out, F7 (Flyball, 7D, EV 87.5 MPH)
|
|
Batting: RHB Matt Belgard
|
0-0: Called Strike 0-1: Foul Ball, location: 2F 0-2: Foul Ball, location: 2F 0-2: DOUBLE (Line Drive, 3D, EV 95.0 MPH)
|
|
Batting: LHB Mike Meyerhoff
|
0-0: Called Strike 0-1: Foul Ball, location: 2F 0-2: Ball 1-2: Foul Ball, location: 2F 1-2: Foul Ball, location: 2F 1-2: Ball 2-2: Foul Ball, location: 2F 2-2: Ground out 5-3 (Groundball, 25, EV 83.1 MPH)
|
| Bottom of the 5th over - 0 runs, 1 hit, 0 errors, 1 left on base; Detroit 1 - Kansas City 3 |
| TOP OF THE 6TH |
|
Detroit Tigers batting - Pitching for Kansas City Royals : RHP Jimmy Silveira IV
|
|
Batting: RHB Chris Wheatley
|
0-0: Called Strike 0-1: Ball 1-1: Ball 2-1: Foul Ball, location: 2F 2-2: Foul Ball, location: 2F 2-2: Strikes out looking
|
|
Batting: LHB Tyler Davis
|
0-0: Ball 1-0: Foul Ball, location: 2F 1-1: Foul Ball, location: 2F 1-2: Ball 2-2: SOLO HOME RUN (Flyball, 9D, EV 95.6 MPH), Distance : 386 ft
|
|
Batting: RHB Adrian Novakovic
|
0-0: Foul Ball, location: 2F 0-1: Foul Ball, location: 2F 0-2: Foul Ball, location: 2F 0-2: Strikes out looking
|
|
Batting: RHB Brady Jeleniewski
|
0-0: Ball 1-0: Ball 2-0: Ground out 4-3 (Groundball, 4, EV 97.5 MPH)
|
| Top of the 6th over - 1 run, 1 hit, 0 errors, 0 left on base; Detroit 2 - Kansas City 3 |
| BOTTOM OF THE 6TH |
|
Kansas City Royals batting - Pitching for Detroit Tigers : RHP Chris McCurdy
|
|
Batting: RHB Mike Jaquez
|
0-0: Called Strike 0-1: DOUBLE (Line Drive, 7LD, EV 110.0 MPH)
|
|
Batting: LHB Roman Downey
|
0-0: Called Strike 0-1: Swinging Strike 0-2: Strikes out looking
|
|
Batting: SHB Gil Switzer
|
0-0: Ball 1-0: Ball 2-0: Ball 3-0: Called Strike 3-1: Base on Balls
|
|
Batting: LHB Pete Hansel
|
0-0: SINGLE (Groundball, 56S, EV 65.6 MPH) (infield hit) Mike Jaquez to third Gil Switzer to second
|
|
Batting: RHB Mikolas Markus
|
0-0: Called Strike 0-1: Foul Ball, location: 2F 0-2: Foul Ball, location: 2F 0-2: Ball 1-2: Ball 2-2: Strikes out swinging
|
|
Batting: LHB Manny Estrada
|
0-0: Ball 1-0: Foul Ball, location: 2F 1-1: Ground out 6-3 (Groundball, 6, EV 83.8 MPH)
|
| Bottom of the 6th over - 0 runs, 2 hits, 0 errors, 3 left on base; Detroit 2 - Kansas City 3 |
| TOP OF THE 7TH |
|
Detroit Tigers batting - Pitching for Kansas City Royals : RHP Jimmy Silveira IV
|
|
Batting: RHB Jerry Jauregui
|
0-0: Swinging Strike 0-1: Ball 1-1: Swinging Strike 1-2: Strikes out swinging
|
|
Batting: RHB Rich Stinson
|
0-0: Ball 1-0: Called Strike 1-1: Fly out, F9 (Flyball, 89S, EV 81.2 MPH)
|
|
Batting: LHB Morgan Black
|
0-0: Foul Ball, location: 2F 0-1: Swinging Strike 0-2: Strikes out looking
|
| Top of the 7th over - 0 runs, 0 hits, 0 errors, 0 left on base; Detroit 2 - Kansas City 3 |
| BOTTOM OF THE 7TH |
|
Kansas City Royals batting - Pitching for Detroit Tigers : RHP Chris McCurdy
|
|
Batting: SHB Jose Pacheco
|
0-0: Ball 1-0: Ball 2-0: Ball 3-0: Base on Balls
|
|
Batting: RHB Matt Belgard
|
0-0: Ball 1-0: Called Strike 1-1: Ball 2-1: Fly out, F9 (Flyball, 9, EV 89.4 MPH)
|
|
Batting: LHB Mike Meyerhoff
|
0-0: Ball 1-0: SINGLE (Flyball, 78S, EV 88.8 MPH) Jose Pacheco to second
|
|
Batting: RHB Mike Jaquez
|
0-0: Called Strike 0-1: Hit by Pitch Jose Pacheco to third Mike Meyerhoff to second
|
|
Batting: LHB Roman Downey
|
0-0: Ball 1-0: Ball 2-0: Ball 3-0: Called Strike 3-1: Base on Balls Jose Pacheco scores Mike Meyerhoff to third Mike Jaquez to second
|
|
Pitching: RHP Bobby Wright
|
|
|
Batting: SHB Gil Switzer
|
0-0: Called Strike 0-1: Ball 1-1: Foul Ball, location: 2F 1-2: Foul Ball, location: 2F 1-2: Ball 2-2: Fly out, F6 (Line Drive, 6MD, EV 65.0 MPH)
|
|
Batting: LHB Pete Hansel
|
0-0: Called Strike 0-1: Ball 1-1: Ball 2-1: Fielders Choice at 2nd, U4 (Groundball, 4M, EV 104.4 MPH)
|
| Bottom of the 7th over - 1 run, 1 hit, 0 errors, 3 left on base; Detroit 2 - Kansas City 4 |
| TOP OF THE 8TH |
|
Detroit Tigers batting - Pitching for Kansas City Royals : RHP Jimmy Silveira IV
|
|
Pitching: RHP David Silva
|
|
|
Batting: LHB Frank McConnell
|
0-0: Called Strike 0-1: Ball 1-1: Fly out, F8 (Line Drive, 78D, EV 89.4 MPH)
|
|
Batting: RHB Victor Quinones
|
0-0: Ball 1-0: Swinging Strike 1-1: Ground out 4-3 (Groundball, 4, EV 84.4 MPH)
|
|
Batting: RHB Chris Wheatley
|
0-0: Ball 1-0: Ball 2-0: Swinging Strike 2-1: Foul Ball, location: 2F 2-2: DOUBLE (Line Drive, 5D, EV 95.6 MPH)
|
|
Batting: LHB Tyler Davis
|
0-0: Swinging Strike 0-1: Ball 1-1: DOUBLE (Line Drive, 9LM, EV 99.4 MPH) Chris Wheatley scores
|
|
Pinch Hitting: LHB Conrad Taylor
|
0-0: 2-RUN HOME RUN (Flyball, 7D, EV 95.6 MPH), Distance : 374 ft
|
|
Pitching: RHP Josh Moncada
|
|
|
Batting: RHB Brady Jeleniewski
|
0-0: Foul Ball, location: 2F 0-1: Ball 1-1: Ground out 6-3 (Groundball, 6, EV 83.1 MPH)
|
| Top of the 8th over - 3 runs, 3 hits, 0 errors, 0 left on base; Detroit 5 - Kansas City 4 |
| BOTTOM OF THE 8TH |
|
Kansas City Royals batting - Pitching for Detroit Tigers : RHP Bobby Wright
|
|
Now at SS: Andres Leon
|
|
|
Batting: RHB Mikolas Markus
|
0-0: Ball 1-0: Called Strike 1-1: SINGLE (Line Drive, 8RS, EV 106.9 MPH)
|
|
Batting: LHB Manny Estrada
|
0-0: Called Strike 0-1: Swinging Strike 0-2: Foul Ball, location: 2F 0-2: Foul Ball, location: 2F 0-2: Strikes out swinging
|
|
Batting: SHB Jose Pacheco
|
0-0: Foul Ball, location: 2F 0-1: Fly out, F4 (Popup, 4S, EV 71.2 MPH)
|
|
Pinch Hitting: LHB Bill Baconneck
|
0-0: Ball 1-0: Ball 2-0: Ball 3-0: Called Strike 3-1: Foul Ball, location: 2F 3-2: Foul Ball, location: 2F 3-2: DOUBLE (Groundball, 3L, EV 105.0 MPH) Mikolas Markus to third Mikolas Markus scores
|
|
Batting: LHB Mike Meyerhoff
|
0-0: Ball 1-0: Ground out 6-3 (Groundball, 6M, EV 90.0 MPH)
|
| Bottom of the 8th over - 1 run, 2 hits, 0 errors, 1 left on base; Detroit 5 - Kansas City 5 |
| TOP OF THE 9TH |
|
Detroit Tigers batting - Pitching for Kansas City Royals : RHP Josh Moncada
|
|
Now at 2B: Imbart Faber
|
|
|
Pinch Hitting: SHB Adam Weber
|
0-0: Called Strike 0-1: Ball 1-1: Ball 2-1: Swinging Strike 2-2: Ground out 4-3 (Groundball, 34D, EV 103.1 MPH)
|
|
Batting: RHB Rich Stinson
|
0-0: Foul Ball, location: 2F 0-1: Swinging Strike 0-2: Foul Ball, location: 2F 0-2: Strikes out swinging
|
|
Batting: LHB Morgan Black
|
0-0: Called Strike 0-1: Foul Ball, location: 2F 0-2: Foul Ball, location: 2F 0-2: Ball 1-2: Strikes out looking
|
| Top of the 9th over - 0 runs, 0 hits, 0 errors, 0 left on base; Detroit 5 - Kansas City 5 |
| BOTTOM OF THE 9TH |
|
Kansas City Royals batting - Pitching for Detroit Tigers : RHP Bobby Wright
|
|
Pitching: RHP Melvin Medellin
|
|
|
Now at C: Dan Friess
|
|
|
Batting: RHB Mike Jaquez
|
0-0: Foul Ball, location: 2F 0-1: Called Strike 0-2: Ball 1-2: Strikes out swinging
|
|
Batting: LHB Roman Downey
|
0-0: Ball 1-0: Ball 2-0: Called Strike 2-1: Foul Ball, location: 2F 2-2: Foul Ball, location: 2F 2-2: Ground out 5-3 (Groundball, 56S, EV 70.0 MPH)
|
|
Batting: SHB Gil Switzer
|
0-0: Ball 1-0: Foul Ball, location: 2F 1-1: Foul Ball, location: 2F 1-2: Ball 2-2: Ball 3-2: Base on Balls
|
|
Batting: LHB Pete Hansel
|
0-0: SINGLE (Groundball, 34S, EV 70.6 MPH) (infield hit) Gil Switzer to second
|
|
Batting: RHB Mikolas Markus
|
0-0: Swinging Strike 0-1: Ball 1-1: Ball 2-1: Ball 3-1: Swinging Strike 3-2: Foul Ball, location: 2F 3-2: Foul Ball, location: 2F 3-2: SINGLE (Groundball, 5D, EV 103.1 MPH) Gil Switzer to third Pete Hansel to second Gil Switzer scores Pete Hansel to third
|
| Bottom of the 9th over - 1 run, 2 hits, 0 errors, 2 left on base; Detroit 5 - Kansas City 6 |
|